 Dungeon Crawl Stone Soup version 0.30-a0-43-gbbf338a72c (webtiles) character file.

Game seed: 480267116750792442

1347 MrFrogsmire the Chopper (level 8, -4/70 HPs)
             Began as a Hill Orc Fighter on Sept 1, 2022.
             Was a Follower of Cheibriados.
             Slain by a moth of wrath (17 damage)
             ... on level 8 of the Dungeon.
             The game lasted 00:33:36 (3008 turns).

MrFrogsmire the Chopper (Hill Orc Fighter)          Turns: 3008, Time: 00:33:37

Health: -4/70      AC: 12    Str: 29    XL:     8   Next: 62%
Magic:  5/8        EV:  9    Int: 10    God:    Cheibriados [*.....]
Gold:   298        SH:  5    Dex: 12    Spells: 7/7 levels left

rFire   + . .      SeeInvis .    f - +3 hand axe (pain)
rCold   + . .      Faith    .    c - +0 buckler
rNeg    . . .      Spirit   .    a - +2 chain mail
rPois   .          Reflect  .    (no helmet)
rElec   .          Harm     .    B - scarf {rC+ rF+}
rCorr   .          Rampage  .    (no gloves)
Will    .....                    (no boots)
Stlth   ..........               (no amulet)
HPRegen 0.21/turn                r - +6 ring of strength
MPRegen 0.11/turn                m - +4 ring of slaying

@: on fire, glowing, studying 2 skills, very slow
A: no striking features
a: Renounce Religion, Bend Time


You were on level 8 of the Dungeon.
You worshipped Cheibriados.
Cheibriados was aware of your devotion.
You visited 2 branches of the dungeon, and saw 9 of its levels.

You collected 298 gold pieces.

Inventory:

Hand Weapons
 f - a +3 hand axe of pain (weapon)
 p - a +2 hand axe of venom
Missiles
 F - 4 javelins
Armour
 a - a +2 chain mail (worn)
 b - a +0 scale mail
 c - a +0 buckler (worn)
 i - a +0 cloak
 B - a scarf of resistance (worn)
Magical Staves
 D - a staff of cold
Jewellery
 e - a ring of protection from cold
 m - a +4 ring of slaying (right hand)
 r - a +6 ring of strength (left hand)
 w - a ring of wizardry
 y - a ring of fire
Wands
 x - a wand of paralysis (12)
 A - a wand of acid (8) (quivered)
Scrolls
 g - 2 scrolls of teleportation {unknown}
 j - 6 scrolls of identify {unknown}
 l - 2 scrolls of blinking {unknown}
 s - a scroll of enchant armour {unknown}
 u - a scroll of vulnerability {unknown}
 z - a scroll of amnesia {unknown}
 E - a scroll of silence {unknown}
Potions
 d - a potion of might
 h - a potion of resistance {unknown}
 k - a potion of lignification {unknown}
 n - a potion of degeneration {unknown}
 o - a potion of brilliance {unknown}
 q - a potion of attraction {unknown}
 t - a potion of cancellation {unknown}
 v - a potion of invisibility {unknown}


   Skills:
 + Level 5.6 Fighting
 + Level 7.4 Axes
 + Level 4.0 Throwing
 + Level 6.0 Armour
 + Level 1.9 Dodging
 + Level 0.2 Stealth
 + Level 4.7 Shields
 + Level 1.2 Evocations


You had 7 spell levels left.
You didn't know any spells.
Your spell library contained the following spells:

 Spells                   Type           Power      Damage    Failure   Level
 Ensorcelled Hibernation  Hex/Ice        0%         N/A       98%         2
 Static Discharge         Conj/Air       0%         3-3/arc   98%         2
 Spider Form              Tmut/Pois      0%         N/A       100%        3
 Anguish                  Hex/Necr       0%         N/A       100%        4
 Dispel Undead            Necr           0%         3d6       100%        4
 Sticky Flame             Conj/Fire      0%         2d3       100%        4


Dungeon Overview and Level Annotations

Branches:
Dungeon (8/15)             Temple (1/1) D:4
   Lair: D:8-11

Altars:
Cheibriados
Elyvilon
Fedhas
Hepliaklqana
Makhleb
Nemelex Xobeh
Okawaru
Qazlal
Ru
Sif Muna
Trog
Uskayaw
Wu Jian
Xom
Yredelemnul
Zin
The Shining One

Annotations:
D:8 1 transporter, logorrheac's ghost, novice GnWn


Message History

Things that are here:
a +0 giant club; an ogre corpse
Things that are here:
a +2 antimagic halberd; a +2 chain mail You drop a +0 war axe.
Okay, then.
You drop a +0 arbalest.
Okay, then.
You can't wield that with only one hand.
a - a +2 chain mail
Okay, then.
Okay, then.
You start removing your armour.
You continue taking off your +0 scale mail. x4
You finish taking off your +0 scale mail.
You start putting on your armour.
You continue putting on your +2 chain mail. x5
You finish putting on your +2 chain mail.
Okay, then.
You start putting on your armour.
You continue putting on your scarf of resistance. x4
You finish putting on your scarf of resistance.
You feel resistant to extremes of temperature.
Your +2 hand axe of venom stops dripping with poison.
You have a feeling of ineptitude.
f - a +3 hand axe of pain (weapon)
Okay, then.
Okay, then.
The moth of wrath completely misses you.
The moth of wrath bites you but does no damage.
You block logorrheac's ghost's attack. The moth of wrath bites you.
* * * LOW HITPOINT WARNING * * *
You see here a +0 great sword.
You miss logorrheac's ghost. You slash the moth of wrath!
Logorrheac's ghost sprays you with burning goo.
The sticky flame hits you but does no damage.
You resist.
You are covered in liquid flames!
The moth of wrath bites you!
You die...

.. .......# #.
####.....## ####
#.####....©....#
...###.......#####....#
#...###...###...## ...
#.#.###..## .....# .
#.....)..##.....## ..#
#.#.##..##.###W#≈# #..#
#...##).#..#§y@$###.#...
#..)##..#©.##._.....#.
#......(#.......#...#.
#.#)....##.....≈##.##.
###........#....###..#
...........##..))).#
...#....#...###.©.##
.#.#...###....#####
.#.<............©....


You could see a moth of wrath and logorrheac's ghost.

Vanquished Creatures
  A wyvern (D:7)
  A sky beast (D:6)
  An orc warrior (D:8)
  3 ogres
  A bullfrog (D:7)
  2 necrophages
  A scorpion (D:5)
  A howler monkey (D:7)
  5 hounds
  An orc priest (D:6)
  A jelly (D:3)
  3 orc wizards
  An iguana (D:5)
  8 adders
  2 ufetubi (D:5)
  4 worms
  2 dart slugs
  12 orcs
  5 bats
  6 endoplasms
  2 giant cockroaches
  6 hobgoblins
  8 jackals (D:3)
  8 kobolds
  3 quokkas (D:5)
  3 ball pythons
  4 frilled lizards
  5 goblins
  4 rats
104 creatures vanquished.

Vanquished Creatures (others)
  2 fungi (D:1)
  2 plants (D:1)
  7 toadstools (D:2)
11 creatures vanquished.

Grand Total: 115 creatures vanquished

Notes
Turn   | Place    | Note
-------+----------+-------------------------------------------
     0 | D:1      | MrFrogsmire the Hill Orc Fighter began the quest for the
                  | Orb.
     0 | D:1      | Reached XP level 1. HP: 19/19 MP: 1/1
   121 | D:1      | Reached XP level 2. HP: 21/27 MP: 2/2
   263 | D:1      | Reached skill level 3 in Axes
   339 | D:1      | Found a faded altar of an unknown god.
   587 | D:2      | Reached XP level 3. HP: 28/33 MP: 3/3
   758 | D:2      | Reached skill level 4 in Axes
   758 | D:2      | Reached XP level 4. HP: 36/40 MP: 4/4
  1191 | D:3      | Found a stormy altar of Qazlal.
  1199 | D:3      | Found a sparkling altar of Nemelex Xobeh.
  1199 | D:3      | Found a white marble altar of Elyvilon.
  1199 | D:3      | Found a sacrificial altar of Ru.
  1299 | D:3      | Reached XP level 5. HP: 47/47 MP: 5/5
  1350 | D:4      | Reached skill level 5 in Axes
  1350 | D:4      | Reached skill level 1 in Throwing
  1411 | D:4      | Found a staircase to the Ecumenical Temple.
  1416 | Temple   | Entered the Ecumenical Temple
  1695 | D:4      | Reached XP level 6. HP: 53/53 MP: 6/6
  2052 | D:5      | Entered Level 5 of the Dungeon
  2067 | D:5      | Found a snail-covered altar of Cheibriados.
  2090 | D:5      | Became a worshipper of Cheibriados the Contemplative
  2138 | D:5      | Reached skill level 6 in Axes
  2138 | D:5      | Reached skill level 1 in Dodging
  2138 | D:5      | Reached XP level 7. HP: 57/60 MP: 7/7
  2382 | D:6      | Reached skill level 5 in Armour
  2477 | D:6      | Reached skill level 5 in Fighting
  2477 | D:6      | Reached XP level 8. HP: 35/68 MP: 8/8
  2657 | D:7      | Noticed a wyvern
  2662 | D:7      | Killed a wyvern
  2663 | D:7      | Reached skill level 7 in Axes
  2885 | D:8      | Found a transporter.
  2887 | D:8      | Reached * piety under Cheibriados
  2911 | D:8      | Noticed logorrheac's ghost (novice GnWn)
  2914 | D:8      | Noticed a moth of wrath
  2951 | D:8      | Found a transporter.
  2960 | D:8      | Found a bloodstained altar of Trog.
  2969 | D:8      | Reached skill level 1 in Evocations
  3008 | D:8      | Slain by a moth of wrath

Illustrated notes

Levels and vault maps discovered:
D:1:      spicycebolla_arrival_risky_transporter, layout_rooms,
          shapermc_ecumenical_altar_mp_ritualfount
D:2:      cheibrodos_fertilizer, layout_loops_ring
D:3:      layout_rooms, grunt_temple_overflow_open, kennysheep_doodads,
          minmay_bisected, uniq_sigmund
D:4:      kennysheep_big_flooded_room, layout_loops_ring, temple_doors_e,
          minmay_manual_mess
D:5:      layout_basic, kennysheep_slug_shrine, minmay_manual_mullet
D:6:      layout_loops_ring, mainiacjoe_overflow_catwalk_spiral,
          minmay_door_square, chequers_serial_rivers_large_a,
          uniq_blork_the_orc, uniq_pikel, uniq_eustachio
D:7:      layout_gridville
D:8:      layout_basic, vehumet_statue, gammafunk_ghost_wrathful_warriors
Temple:   nicolae_temple_figure_eight

Skill      XL: |  1  2  3  4  5  6  7  8 |
---------------+-------------------------+-----
Fighting       | 4 5 |  5.6
Axes           | 3 4 5 6 7 |  7.4
Armour         | 4 5 6 |  6.0
Throwing       | 1 2 3 4 |  4.0
Shields        | 4 |  4.7
Dodging        | 1 |  1.9
Evocations     | 1 |  1.2
Stealth        | |  0.2

Action                   |  1- 3 |  4- 6 |  7- 9 || total
-------------------------+-------+-------+-------++-------
Melee: War axe           |    86 |    27 |       ||   113
       Hand axe          |       |    18 |    75 ||    93
Throw: Javelin           |     6 |    39 |    26 ||    71
       Stone             |       |     6 |     8 ||    14
Evoke: Wand              |       |       |    14 ||    14
Armor: Scale mail        |    51 |    37 |    52 ||   140
       Chain mail        |       |       |     1 ||     1
Dodge: Dodged            |    41 |    36 |    33 ||   110
Block: Buckler           |    19 |    16 |    13 ||    48

Table legend: (Time is in decaauts)
 A = Elapsed time spent in this place.
 B = Non-inter-level travel time spent in this place.
 C = Inter-level travel time spent in this place.
 D = Time resting spent in this place.
 E = Time spent auto-exploring this place.
 F = Levels seen in this place.
 G = Mean time per level.
                   A        B        C        D        E       F      G
               +--------+--------+--------+--------+--------+-----+--------+
         Total |   3325 |    832 |   2493 |      0 |      0 |   9 |  369.4 |
       Dungeon |   3087 |    825 |   2262 |      0 |      0 |   8 |  385.9 |
        Temple |    238 |      7 |    231 |      0 |      0 |   1 |  238.0 |
               +--------+--------+--------+--------+--------+-----+--------+

Top non-repeatable levels by time:
     D:2: 620 daAuts
     D:1: 542 daAuts
     D:4: 479 daAuts
     D:7: 471 daAuts
     D:5: 403 daAuts
  Temple: 238 daAuts
     D:3: 232 daAuts
     D:6: 192 daAuts
     D:8: 145 daAuts
